 Dungeon Crawl Stone Soup version 0.31-a0-345-g1ebeae05c6 (webtiles) character file.

Game seed: 3222756292058333175

30644 HallandMoats the Demonic Cataclysm (level 13, -20/118 HPs)
             Began as a Demonspawn Fighter on July 22, 2023.
             Was a High Priest of Qazlal.
             Killed from afar by a Hell Sentinel (46 damage)
             ... with an iron shot
             ... on level 3 of the Abyss.
             The game lasted 00:27:41 (15565 turns).

HallandMoats the Demonic Cataclysm (DsFi)          Turns: 15565, Time: 00:27:42

Health: -20/118    AC: 25    Str: 18    XL:     13   Next: 21%
Magic:  0/21       EV:  8    Int: 10    God:    Qazlal [*****.]
Gold:   412        SH: 10    Dex: 10    Spells: 12/12 levels left

rFire   + + .        I - +2 demon trident (elec)
rCold   . . .        c - +0 buckler
rNeg    . . .        O - +2 chain mail {rF+}
rPois   +            (helmet restricted)
rElec   .            E - +2 cloak {rPois}
rCorr   .            s - +0 pair of gloves
SInv    .            p - +2 pair of boots
Will    .....        L - amulet of guardian spirit Stlth
                     k - ring of protection from fire
HPRegen 0.00/turn    m - +4 ring of protection
MPRegen 0.34/turn

%: repel missiles, guardian spirit
@: mighty, protected from physical damage, sick, hasted, invisible, very quick
A: horns 2, spiny 2, magic regeneration, sturdy frame 1, dopey 1, [clumsy 2],
[low MP 2]
a: Renounce Religion, Upheaval, Elemental Force, Disaster Area


You were on level 3 of the Abyss.
You worshipped Qazlal.
Qazlal was extremely pleased with you.
You visited 2 branches of the dungeon, and saw 16 of its levels.
You visited the Abyss 1 time.
You also visited: Sewer.

You collected 801 gold pieces.
You spent 389 gold pieces at shops.

Inventory:

Hand Weapons
 a - a +1 war axe
 r - the +8 short sword "Acru" {distort, rCorr Dex+2 Stlth+}
   (You found it on level 3 of the Dungeon)

   Dex:       It affects your dexterity (+2).
   rCorr:     It protects you from acid and corrosion.
   Stlth:     It makes you more stealthy.
 I - a +2 demon trident of electrocution (weapon)
Missiles
 C - 2 throwing nets
Armour
 c - a +0 buckler (worn)
 p - a +2 pair of boots (worn)
 s - a +0 pair of gloves (worn)
 E - a +2 cloak of poison resistance (worn)
 O - a +2 chain mail of fire resistance (worn)
Jewellery
 g - a ring of magical power
 k - a ring of protection from fire (left hand)
 m - a +4 ring of protection (right hand)
 u - an amulet of reflection
 B - a +6 ring of dexterity
 G - a +6 ring of strength
 K - a ring of willpower
 L - an amulet of guardian spirit (around neck)
 S - a ring of see invisible
 U - an amulet of magic regeneration
Wands
 b - a wand of digging (3)
 t - a wand of flame (53)
 v - a wand of roots (9)
 x - a wand of charming (9)
 D - a wand of mindburst (8)
 F - a wand of acid (9)
 M - a wand of polymorph (2)
Scrolls
 d - a scroll of amnesia
 e - 2 scrolls of teleportation
 j - 5 scrolls of enchant weapon
 n - 4 scrolls of blinking
 o - 6 scrolls of identify
 y - a scroll of poison
 A - 3 scrolls of fear
 N - 2 scrolls of enchant armour
 P - a scroll of silence {unknown}
 V - a scroll of immolation {unknown}
Potions
 f - 3 potions of curing
 h - a potion of cancellation
 l - 5 potions of mutation
 w - a potion of ambrosia
 z - 2 potions of enlightenment
 H - a potion of haste
 J - a potion of brilliance
 R - a potion of degeneration {unknown}
 T - a potion of attraction {unknown}


   Skills:
 + Level 16.2 Fighting
 - Level 1.7 Axes
 - Level 2.6 Armour
 - Level 2.6 Shields
 + Level 20.1 Invocations


You had 12 spell levels left.
You didn't know any spells.
Your spell library contained the following spells:

 Spells                   Type           Power      Damage    Failure   Level
 Sandblast                Erth           0%         2d4       95%         1
 Cigotuvi's Dreadful Rot  Necr/Pois/Air  0%         N/A       98%         2
 Passwall                 Tmut/Erth      0%         N/A       98%         2
 Sublimation of Blood     Necr           0%         N/A       98%         2
 Wereblood                Tmut           0%         N/A       98%         2
 Ignite Poison            Fire/Tmut/Pois 0%         N/A       100%        3
 Stone Arrow              Conj/Erth      0%         3d7       100%        3
 Petrify                  Tmut/Erth      0%         N/A       100%        4
 Freezing Cloud           Conj/Ice/Air   0%         6-21      100%        5
 Irradiate                Conj/Tmut      0%         3d11      100%        5
 Simulacrum               Ice/Necr       0%         N/A       100%        6
 Ozocubu's Refrigeration  Ice            0%         4d7       100%        7
 Summon Hydra             Summ           0%         N/A       100%        7
 Polar Vortex             Ice            0%         N/A       100%        9


Dungeon Overview and Level Annotations

Branches:
Dungeon (15/15)            Temple (1/1) D:4            Lair (0/5) D:11
    Orc (0/2) D:10         Vaults (0/5) D:14          Sewer (visited)
 Depths: D:15

Altars:
Ashenzari
Cheibriados
Dithmenos
Fedhas
Gozag
Hepliaklqana
Kikubaaqudgha
Makhleb
Nemelex Xobeh
Okawaru
Qazlal
Ru
Sif Muna
Trog
Uskayaw
Vehumet
Wu Jian
Xom
Yredelemnul

Shops:
D:1 (   D:12 ![*=

Portals:
Trove: D:11 (give +7 demon blade)

Annotations:
D:15 Louise
Temple 2 transporters


Innate Abilities, Weirdness & Mutations

You have a pair of horns on your head.
You are mostly covered in sharp spines.
You regenerate magic rapidly.
Your movements are slightly less encumbered by armour. (ER -2)
You are dopey. (Int -2)
[You are very clumsy. (Dex -4)]
[Your magical capacity is very low. (-20% MP)]


Message History

The Hell Sentinel is struck by your spines.
The Hell Sentinel hits you but does no damage. x2
The small abomination is struck by your spines.
The small abomination barely misses you.
You hit the small abomination but do no damage.
Lightning courses through the small abomination!
You destroy the small abomination!
Qazlal accepts your kill.
You hear a bellow!
You block the Hell Sentinel's attack. The Hell Sentinel hits you.
You feel yourself speed up. The Hell Sentinel gestures at you.
The sphere of damnation explodes!
The damnation engulfs you!!!
* * * LOW HITPOINT WARNING * * *
The damnation engulfs the Hell Sentinel.
The Hell Sentinel completely resists.
You feel much better. You block the Hell Sentinel's attack.
The Hell Sentinel hits you but does no damage.
You feel much better. The Hell Sentinel hits you! x2
You feel more protected from physical attacks.
You feel much better.
You feel very mighty all of a sudden. The Hell Sentinel hits you!!
The Hell Sentinel barely misses you.
You hit the Hell Sentinel.
The Hell Sentinel is lightly wounded.
The Hell Sentinel barely misses you. You block the Hell Sentinel's attack.
You hit the Hell Sentinel but do no damage.
You headbutt the Hell Sentinel!
The Hell Sentinel is lightly wounded.
The Hell Sentinel hits you!!
* * * LOW HITPOINT WARNING * * *
The Hell Sentinel completely misses you.
You barely miss the Hell Sentinel.
The Hell Sentinel is lightly wounded.
A large abomination comes into view.
You puncture the Hell Sentinel! You headbutt the Hell Sentinel!
The Hell Sentinel is moderately wounded.
The Hell Sentinel gestures at you. The iron shot hits you!!!
You die...

.............
... # # .
##### ..##
##. #..# #...
#. # .... # .
#..##.. ##
#..###.#
##.X#1.#
..#@# .#.##.#
. # # ...
..... #.#.. #
...## .. #.#
. # ### #
....


You could see a Hell Sentinel and a large abomination (unable to see you).

Vanquished Creatures
  A tentacled starspawn (Abyss:2)
  Erolcha (D:13)
  2 hydras (D:14)
  A vault guard (D:14)
  A boulder beetle (D:14)
  A centaur warrior (D:14)
  5 two-headed ogres
  A skyshark (shapeshifter) (D:14)
  2 skeletal warriors (D:14)
  3 wizards
  2 necromancers (D:14)
  4 ugly things
  A manticore (D:13)
  3 cyclopes
  4 gargoyles
  A smoke demon (Abyss:2)
  4 trolls
  A hornet (D:7)
  4 shadows
  2 wraiths
  17 yaks
  A basilisk (D:13)
  4 small abominations
  19 humans (D:14)
  13 vampire mosquitoes
  4 starcursed masses (Abyss:2)
  3 steam dragons
  A neqoxec (Abyss:2)
  A two-headed ogre zombie (D:10)
  A water moccasin (D:7)
  Duvessa (D:4)
  3 black bears
  2 orc warriors
  2 ice beasts
  2 ogres
  8 centaurs
  4 phantoms
  5 kobold brigands
  4 bullfrogs
  Dowan (D:4)
  5 killer bees (D:5)
  5 howler monkeys
  5 hounds
  2 jellies (D:6)
  2 gnoll boudas
  7 orc priests
  A sleepcap (D:5)
  2 iguanas
  15 orc wizards
  7 ogre zombies (D:10)
  10 gnolls
  2 river rats (Sewer)
  15 adders
  3 shadow imps
  2 white imps
  An ufetubus (Abyss:2)
  A worm (D:2)
  3 dart slugs
  41 orcs
  10 ball pythons
  4 endoplasms
  8 giant cockroaches
  5 goblins (D:1)
  8 hobgoblins
  3 jackals (Sewer)
  4 quokkas
  3 bats
  6 frilled lizards
  3 goblin skeletons (D:10)
  A goblin zombie (D:10)
  2 hobgoblin zombies (D:10)
  20 kobolds
  An orc skeleton (D:10)
  18 orc zombies (D:10)
  7 rats
  A starspawn tentacle (Abyss:2)
373 creatures vanquished.

Vanquished Creatures (others)
  A lurking horror (Abyss:2)
  2 starspawn tentacles (Abyss:2)
3 creatures vanquished.

Grand Total: 376 creatures vanquished

Notes
Turn   | Place    | Note
-------+----------+-------------------------------------------
     0 | D:1      | HallandMoats the Demonspawn Fighter began the quest for the
                  | Orb.
     0 | D:1      | Reached XP level 1. HP: 18/18 MP: 1/1
    45 | D:1      | Reached skill level 1 in Invocations
    93 | D:1      | Gained mutation: You are partially covered in sharp spines.
                  | [demonic ancestry]
    93 | D:1      | Reached XP level 2. HP: 22/24 MP: 3/3
   302 | D:1      | Found Uhureily's Antique Weapon Shop.
   464 | D:1      | Reached skill level 2 in Invocations
   990 | D:1      | Reached XP level 3. HP: 29/29 MP: 4/4
  1286 | D:2      | Reached skill level 3 in Invocations
  1937 | D:2      | Gained mutation: You are mostly covered in sharp spines.
                  | [demonic ancestry]
  1937 | D:2      | Reached XP level 4. HP: 18/37 MP: 6/6
  2063 | D:2      | Reached skill level 4 in Invocations
  2129 | D:3      | Reached XP level 5. HP: 19/43 MP: 8/8
  2581 | D:3      | Identified the +8 short sword "Acru" {distort, rCorr Dex+2
                  | Stlth+}
  2824 | D:3      | Reached skill level 5 in Invocations
  2851 | D:4      | Reached skill level 5 in Fighting
  3073 | D:4      | Found a staircase to the Ecumenical Temple.
  3079 | Temple   | Found a transporter.
  3079 | Temple   | Found a transporter.
  3079 | Temple   | Found a transporter.
  3079 | Temple   | Found a transporter.
  3079 | Temple   | Entered the Ecumenical Temple
  3097 | Temple   | Became a worshipper of Qazlal Stormbringer
  3171 | D:4      | Noticed Duvessa
  3180 | D:4      | Killed Duvessa
  3181 | D:4      | Gained mutation: You have a pair of small horns on your
                  | head. [demonic ancestry]
  3181 | D:4      | Reached XP level 6. HP: 43/51 MP: 8/10
  3181 | D:4      | Noticed Dowan
  3191 | D:4      | Killed Dowan
  3192 | D:4      | Reached skill level 6 in Invocations
  3548 | D:5      | Entered Level 5 of the Dungeon
  3702 | D:5      | Gained mutation: You have a pair of horns on your head.
                  | [demonic ancestry]
  3702 | D:5      | Reached XP level 7. HP: 36/58 MP: 10/12
  3781 | D:5      | Reached skill level 7 in Invocations
  3792 | D:5      | Found a glowing drain.
  3801 | Sewer    | Entered a sewer
  3809 | Sewer    | Reached * piety under Qazlal
  4180 | Sewer    | Reached skill level 8 in Invocations
  4479 | D:5      | Reached XP level 8. HP: 46/67 MP: 14/14
  4488 | D:5      | Reached skill level 9 in Invocations
  5635 | D:6      | Reached skill level 10 in Invocations
  5923 | D:6      | Identified the +6 quarterstaff of Famine {holy, MP+9}
  6002 | D:6      | Gained mutation: Your movements are slightly less
                  | encumbered by armour. (ER -2) [demonic ancestry]
  6002 | D:6      | Reached XP level 9. HP: 72/75 MP: 17/17
  6282 | D:7      | Found a bloodstained altar of Trog.
  6282 | D:7      | Found a sparkling altar of Nemelex Xobeh.
  6282 | D:7      | Found a shimmering blue altar of Sif Muna.
  6286 | D:7      | Reached ** piety under Qazlal
  6292 | D:7      | Reached skill level 11 in Invocations
  6602 | D:7      | Identified the +1 robe "Wufa" {rElec SInv}
  6950 | D:7      | Reached skill level 12 in Invocations
  7095 | D:8      | Identified the +2 robe of Jeriga {rF+ Int+6}
  7148 | D:8      | Reached skill level 10 in Fighting
  7225 | D:8      | Found an ornate altar of the Wu Jian Council.
  7704 | D:9      | Reached *** piety under Qazlal
  7708 | D:9      | Reached skill level 13 in Invocations
  7709 | D:9      | Reached XP level 10. HP: 38/86 MP: 19/19
  8267 | D:10     | Entered Level 10 of the Dungeon
  8392 | D:10     | Reached **** piety under Qazlal
  8414 | D:10     | Reached skill level 14 in Invocations
  8435 | D:10     | Found a staircase to the Orcish Mines.
  8534 | D:10     | Found a transporter.
  8559 | D:10     | Found a transporter.
  8621 | D:10     | Noticed a two-headed ogre
  8627 | D:10     | Killed a two-headed ogre
  9041 | D:10     | Reached skill level 15 in Invocations
  9580 | D:11     | Found a portal to a secret trove of treasure.
  9873 | D:11     | Found a staircase to the Lair.
  9873 | D:11     | Noticed a gargoyle
  9885 | D:11     | Killed a gargoyle
 10262 | D:11     | Identified the +0 short sword of Ambiguity {drain, rElec
                  | rC+ Will++ Dex-3}
 10278 | D:11     | Noticed a gargoyle
 10288 | D:11     | Killed a gargoyle
 10289 | D:11     | Reached XP level 11. HP: 85/96 MP: 19/22
 11013 | D:12     | Found Laufa's Jewellery Emporium.
 11013 | D:12     | Noticed a two-headed ogre
 11296 | D:12     | Killed a two-headed ogre
 11450 | D:12     | Found Ehuumip's Armour Boutique.
 11452 | D:12     | Found Pemnier's General Store.
 11459 | D:12     | Bought a +2 cloak of poison resistance for 277 gold pieces
 11475 | D:12     | Bought a scroll of blinking for 112 gold pieces
 11593 | D:12     | Found Neuhaim's Distillery.
 11608 | D:12     | Noticed a wizard
 11617 | D:12     | Killed a wizard
 11618 | D:12     | Reached skill level 16 in Invocations
 12235 | D:13     | Reached skill level 17 in Invocations
 12345 | D:13     | Reached ***** piety under Qazlal
 12404 | D:13     | Noticed Erolcha
 12406 | D:13     | Killed Erolcha
 12904 | D:13     | Noticed a two-headed ogre
 12911 | D:13     | Killed a two-headed ogre
 12912 | D:13     | Reached XP level 12. HP: 86/107 MP: 19/24
 13357 | D:14     | Noticed a centaur warrior
 13359 | D:14     | Killed a centaur warrior
 13368 | D:14     | Noticed a two-headed ogre
 13394 | D:14     | Killed a two-headed ogre
 13456 | D:14     | Noticed a four-headed hydra
 13457 | D:14     | Reached skill level 18 in Invocations
 13466 | D:14     | Killed a four-headed hydra
 13827 | D:14     | Reached skill level 15 in Fighting
 13885 | D:14     | Noticed a vault guard
 13893 | D:14     | Reached skill level 19 in Invocations
 13914 | D:14     | Killed a vault guard
 14129 | D:14     | Found a gate to the Vaults.
 14325 | D:14     | Noticed an eight-headed hydra
 14327 | D:14     | Noticed a two-headed ogre
 14329 | D:14     | Killed an eight-headed hydra
 14343 | D:14     | Killed a two-headed ogre
 14468 | D:14     | Noticed a boulder beetle
 14488 | D:14     | Killed a boulder beetle
 14489 | D:14     | Gained mutation: You regenerate magic rapidly. [demonic
                  | ancestry]
 14489 | D:14     | Reached XP level 13. HP: 105/117 MP: 22/26
 15205 | D:15     | Entered Level 15 of the Dungeon
 15209 | D:15     | Noticed Louise
 15214 | Abyss:2  | Cast into level 2 of the Abyss (Louise)
 15232 | Abyss:2  | Found a corrupted altar of Lugonu.
 15303 | Abyss:2  | Gained mutation: You are dopey. (Int -2) [a neqoxec]
 15318 | Abyss:2  | Noticed a tentacled starspawn
 15325 | Abyss:2  | Killed a tentacled starspawn
 15326 | Abyss:2  | Reached skill level 20 in Invocations
 15370 | Abyss:2  | Noticed a starcursed mass
 15551 | Abyss:3  | Noticed a Hell Sentinel
 15557 | Abyss:3  | HP: 4/118 [Hell Sentinel/damnation (35)]
 15565 | Abyss:3  | Killed from afar by a Hell Sentinel

Illustrated notes

Levels and vault maps discovered:
D:1:      dpeg_arrival_round_c, layout_basic, serial_shops, shop
D:2:      layout_basic, kennysheep_generic_room_14
D:3:      layout_basic
D:4:      layout_basic, minmay_temple_entry_hall, uniq_duvessa
D:5:      layout_rooms, portal_sewer_entry_f, hangedman_decor_push
D:6:      layout_basic
D:7:      layout_cave_pools, chequers_temple_overflow_statue_of_worship,
          nicolae_grassy_gnolls
D:8:      layout_basic, mainiacjoe_overflow_chevrons
D:9:      layout_cave_pools
D:10:     gammafunk_worm_tunnel, layout_cave_pods, zombieorc2_lemuel
D:11:     layout_basic, lair_entry_dummy, enter_trove_0
D:12:     layout_cave_pods, serial_shops, shop, shop_statue,
          kennysheep_little_box, shop
D:13:     layout_loops_corners, uniq_erolcha
D:14:     layout_small_grid, grunt_vaults_entry_tiered,
          chequers_serial_rivers_micro_d
D:15:     gammafunk_enter_depths_forms, layout_rooms,
          nicolae_uskayaw_murder_on_the_dancefloor, serial_shops, shop,
          uniq_louise, uniq_nessos, uniq_rupert
Temple:   hellmonk_temple_divided_pantheon
Abyss:3:  base: D:6, base: D:14, evilmike_abyss_exit_16, minivault_23

Skill      XL: |  1  2  3  4  5  6  7  8  9 10 11 12 13 |
---------------+----------------------------------------+-----
Invocations    | 1 2 3 4 5 6 8 10 13 15 17 19 20 | 20.1
Fighting       | 4 5 6 7 8 10 12 14 15 16 | 16.2
Axes           | |  1.7
Armour         | |  2.6
Shields        | |  2.6

Action                     |  1- 3 |  4- 6 |  7- 9 | 10-12 | 13-15 || total
---------------------------+-------+-------+-------+-------+-------++-------
  Melee: War axe           |    92 |    59 |   206 |     3 |       ||   360
         Headbutt          |       |     1 |    34 |   106 |    17 ||   158
         Demon trident     |       |       |       |   435 |    60 ||   495
 Invoke: Upheaval          |       |       |       |     3 |       ||     3
         Disaster Area     |       |       |       |     1 |       ||     1
  Evoke: Wand              |       |       |       |     1 |       ||     1
    Use: Potion            |       |     1 |     2 |     1 |     9 ||    13
         Scroll            |       |     4 |     4 |    14 |     6 ||    28
 Armour: Scale mail        |    40 |    35 |   105 |       |       ||   180
         Steam dragon scal |       |       |    19 |    44 |       ||    63
         Chain mail        |       |       |       |   182 |    45 ||   227
  Dodge: Dodged            |    32 |    35 |   120 |   136 |    33 ||   356
         Repelled          |       |       |       |     6 |     1 ||     7
  Block: Buckler           |    23 |    14 |    97 |   204 |    34 ||   372

Table legend: (Time is in decaauts)
 A = Elapsed time spent in this place.
 B = Non-inter-level travel time spent in this place.
 C = Inter-level travel time spent in this place.
 D = Time resting spent in this place.
 E = Time spent auto-exploring this place.
 F = Levels seen in this place.
 G = Mean time per level.
                   A        B        C        D        E       F      G
               +--------+--------+--------+--------+--------+-----+--------+
         Total |  16008 |  15681 |    327 |   3017 |   9415 |  19 |  842.5 |
       Dungeon |  14901 |  14574 |    327 |   2935 |   8926 |  15 |  993.4 |
        Temple |     38 |     38 |      0 |      0 |      0 |   1 |   38.0 |
         Abyss |    360 |    360 |      0 |     82 |     12 |   2 |  180.0 |
         Sewer |    707 |    707 |      0 |      0 |    476 |   1 |  707.0 |
               +--------+--------+--------+--------+--------+-----+--------+

Top non-repeatable levels by time:
    D:14: 1667 daAuts
    D:11: 1408 daAuts
    D:13: 1406 daAuts
    D:12: 1317 daAuts
    D:10: 1268 daAuts
     D:5: 1165 daAuts
     D:1: 1087 daAuts
     D:2: 1014 daAuts
     D:6: 899 daAuts
     D:4: 850 daAuts
     D:3: 772 daAuts
     D:8: 720 daAuts
   Sewer: 707 daAuts
     D:9: 673 daAuts
     D:7: 641 daAuts
